 Dungeon Crawl Stone Soup version 0.31-a0-851-g7ff8af7976 (webtiles) character file.

Game seed: 17219494722660100353

3327 MachoJfn the Frost Mage (level 9, -2/59 HPs)
             Began as a Demonspawn Ice Elementalist on Oct 6, 2023.
             Was an Initiate of Yredelemnul.
             Slain by an ice beast (14 damage)
             ... summoned by the player character
             ... on level 7 of the Dungeon.
             The game lasted 00:35:33 (9965 turns).

MachoJfn the Frost Mage (DsIE)                      Turns: 9965, Time: 00:35:34

Health: -2/59      AC:  9    Str:  9    XL:     9   Next: 71%
Magic:  12/21      EV: 12    Int: 29    God:    Yredelemnul [......]
Gold:   316        SH:  0    Dex: 13    Spells: 9/24 levels left

rFire   . . .        b - +3 trident (drain)
rCold   . . .        x - orb {mayhem}
rNeg    . . .        a - +0 robe
rPois   .            w - +0 helmet
rElec   .            p - +2 cloak
rCorr   .            k - +0 pair of gloves
SInv    .            q - +1 pair of boots
Will    .....        (no amulet)
Stlth   +++          v - ring of wizardry
HPRegen 0.29/turn    m - +6 ring of intelligence
MPRegen 0.17/turn

%: mayhem, wizardry (x1)
@: freezing walls
A: hooves 1, big brain 1, demonic magic 2
a: Renounce Religion, Recall Undead Harvest


You were on level 7 of the Dungeon.
You worshipped Yredelemnul.
Yredelemnul was noncommittal.
You visited 1 branch of the dungeon, and saw 7 of its levels.

You collected 316 gold pieces.

Inventory:

Hand Weapons
 b - a +3 trident of draining (weapon)
 h - a +2 vampiric spear
Missiles
 c - 59 stones
 f - 8 poisoned darts (quivered)
Armour
 a - a +0 robe (worn)
 k - a +0 pair of gloves (worn)
 p - a +2 cloak (worn)
 q - a +1 pair of boots (worn)
 w - a +0 helmet (worn)
 x - an orb of mayhem (worn)
Magical Staves
 r - a staff of earth
Jewellery
 i - a ring of magical power
 m - a +6 ring of intelligence (right hand)
 v - a ring of wizardry (left hand)
Wands
 s - a wand of roots (13)
 t - a wand of flame (20)
Scrolls
 d - 2 scrolls of fog
 l - 2 scrolls of teleportation
 n - 2 scrolls of fear
 u - 3 scrolls of identify
Potions
 e - a potion of berserk rage
 g - 2 potions of heal wounds
 j - a potion of curing
 o - a potion of might


   Skills:
 + Level 1.2 Fighting
 + Level 3.1 Polearms
 + Level 0.1 Throwing
 + Level 2.6 Dodging
 + Level 4.4 Stealth
 + Level 8.3 Spellcasting
 + Level 1.1 Summonings
 + Level 8.4 Ice Magic
 + Level 2.2 Invocations


You had 9 spell levels left.
You knew the following spells:

 Your Spells              Type           Power      Damage    Failure   Level
a - Freeze                Ice            100%       1d10      1%          1
b - Frozen Ramparts       Ice            100%       1d16      1%          3
c - Ozocubu's Armour      Ice            57%        N/A       1%          3
d - Ensorcelled Hibernat  Hex/Ice        72%        N/A       1%          2
e - Summon Ice Beast      Ice/Summ       39%        N/A       2%          4
f - Blink                 Tloc           24%        N/A       2%          2

Your spell library contained the following spells:

 Spells                   Type           Power      Damage    Failure   Level
 Jinxbite                 Hex            24%        N/A       2%          2
 Anguish                  Hex/Necr       6%         N/A       17%         4
 Manifold Assault         Tloc           12%        N/A       17%         4


Dungeon Overview and Level Annotations

Branches:
Dungeon (7/15)             Temple (0/1) D:4

Altars:
Yredelemnul

Shops:
D:2 [   D:6 :


Innate Abilities, Weirdness & Mutations

You have large cloven feet.
You have an unusually large brain. (Int +2)
Spells you cast may paralyse nearby enemies.


Message History

Aim: Joseph, wielding a +0 sling and wearing a +0 leather armour (heavily wounded, ally target, about 40% to evade your +3 trident of draining)
You reach to attack!
You barely miss Joseph.
Joseph is heavily wounded.
The wall freezes Joseph!
Joseph shoots a sling bullet.
The sling bullet hits you!
The wall freezes Joseph!
Joseph says, "I've waited for this moment for such a long time."
Joseph shoots a sling bullet.
The sling bullet hits you!!
* * * LOW HITPOINT WARNING * * *
Reach: b) +3 trident (drain)
Press: ? - help, Dir - move target, f/p - Joseph
Aim: Joseph, wielding a +0 sling and wearing a +0 leather armour (almost dead, ally target, about 40% to evade your +3 trident of draining)
You reach to attack!
You hit Joseph.
Joseph is almost dead.
The wall freezes Joseph!
You kill Joseph!
The ice beast flies into a frenzy!
Your Summonings skill increases to level 1!
Your Invocations skill increases to level 2!
An ice beast is nearby!
An ice beast is nearby!
You strike the helpless ice beast from behind!
You hit the ice beast.
The ice beast is lightly wounded.
The ice beast completely resists.
The wall freezes the ice beast but does no damage.
The ice beast barely misses you.
The ice beast completely resists.
The wall freezes the ice beast but does no damage.
The ice beast barely misses you.
You feel better.
The ice beast completely resists.
The wall freezes the ice beast but does no damage.
The ice beast barely misses you.
You closely miss the ice beast.
The ice beast is lightly wounded.
The ice beast completely resists.
The wall freezes the ice beast but does no damage.
The ice beast hits you.
* * * LOW HITPOINT WARNING * * *
The ice beast freezes you!
You die...
Your body rises from the dead as a mindless zombie.

#..# #.8.#
#...# ##
##.###...#
#####
#..######
##.# #.# #.#
#.#
#.##########
#..Y@.).....
#######Z####


You could see a neutral ice beast (summoned, fast, strong, frenzied, ally
target) and the friendly Joseph the human zombie.

Vanquished Creatures
  Joseph (D:7)
  5 yaks (D:6)
  Eustachio (D:5)
  Duvessa (D:6)
  2 water moccasins (D:6)
  A sky beast (D:6)
  A centaur (D:6)
  2 ogres (D:5)
  A bullfrog (D:6)
  4 scorpions
  Dowan (D:6)
  An electric eel (D:6)
  A hound (D:5)
  3 orc priests
  2 sleepcaps (D:6)
  3 orc wizards (D:5)
  Crazy Yiuf (D:5)
  3 iguanas
  7 gnolls
  3 adders
  A white imp (D:6)
  An ufetubus (D:4)
  2 dart slugs
  18 orcs
  13 bats
  5 endoplasms
  4 giant cockroaches
  7 goblins
  14 hobgoblins
  6 quokkas
  5 ball pythons
  5 frilled lizards
  10 kobolds
  2 rats
137 creatures vanquished.

Vanquished Creatures (collateral kills)
  Jeremiah (D:7)
  Grinder (D:6)
  A scorpion (D:6)
  An orc wizard (D:6)
  A white imp (D:6)
  4 orcs
  An endoplasm (D:4)
  2 hobgoblins
  A kobold (D:4)
  2 goblins
15 creatures vanquished.

Vanquished Creatures (others)
  A sky beast zombie (D:6)
  An iguana zombie (D:5)
  5 bat zombies (D:6)
  2 gnoll zombies (D:6)
  A kobold zombie (D:3)
  11 orc zombies
21 creatures vanquished.

Grand Total: 173 creatures vanquished

Notes
Turn   | Place    | Note
-------+----------+-------------------------------------------
     0 | D:1      | MachoJfn the Demonspawn Ice Elementalist began the quest
                  | for the Orb.
     0 | D:1      | Reached XP level 1. HP: 13/13 MP: 3/3
   504 | D:1      | Gained mutation: Spells you cast may paralyse adjacent
                  | enemies. [demonic ancestry]
   504 | D:1      | Reached XP level 2. HP: 15/19 MP: 0/5
  1411 | D:2      | Gained mutation: You have an unusually large brain. (Int
                  | +2) [demonic ancestry]
  1411 | D:2      | Reached XP level 3. HP: 24/24 MP: 6/6
  1455 | D:2      | Learned a level 3 spell: Frozen Ramparts
  1464 | D:2      | Found a basalt altar of Yredelemnul.
  1572 | D:2      | Became a worshipper of Yredelemnul the Dark
  1593 | D:2      | Found Zystocwo's Antique Armour Emporium.
  1750 | D:2      | Reached * piety under Yredelemnul
  2679 | D:3      | Reached XP level 4. HP: 30/30 MP: 8/8
  2792 | D:3      | Reached ** piety under Yredelemnul
  3482 | D:3      | Learned a level 3 spell: Ozocubu's Armour
  4394 | D:4      | Noticed a scorpion
  4399 | D:4      | Killed a scorpion
  4400 | D:4      | Reached XP level 5. HP: 35/35 MP: 10/10
  4479 | D:4      | Found a staircase to the Ecumenical Temple.
  4533 | D:4      | Reached skill level 5 in Ice Magic
  4533 | D:4      | Reached XP level 6. HP: 9/41 MP: 12/12
  5299 | D:4      | You fall into a shaft and drop 1 floor!
  5299 | D:5      | Entered Level 5 of the Dungeon
  5569 | D:5      | Reached skill level 1 in Polearms
  5833 | D:5      | Noticed Eustachio
  5866 | D:5      | Killed Eustachio
  5867 | D:5      | Gained mutation: You have large cloven feet. [demonic
                  | ancestry]
  5867 | D:5      | Reached XP level 7. HP: 44/47 MP: 8/14
  6096 | D:5      | Found a runed translucent door.
  6098 | D:5      | Noticed Crazy Yiuf
  6105 | D:5      | Killed Crazy Yiuf
  6306 | D:5      | Reached skill level 5 in Spellcasting
  7233 | D:6      | Noticed Duvessa
  7233 | D:6      | Noticed Dowan
  7489 | D:6      | Gained mutation: Spells you cast may paralyse nearby
                  | enemies. [demonic ancestry]
  7489 | D:6      | Reached XP level 8. HP: 49/53 MP: 15/16
  7554 | D:6      | Killed Dowan
  7559 | D:6      | Killed Duvessa
  7560 | D:6      | Reached skill level 1 in Invocations
  7655 | D:6      | Found Boaremyu's Book Shop.
  7951 | D:6      | Learned a level 2 spell: Ensorcelled Hibernation
  7983 | D:6      | Learned a level 4 spell: Summon Ice Beast
  8257 | D:6      | Reached XP level 9. HP: 44/58 MP: 1/20
  8372 | D:6      | Learned a level 2 spell: Blink
  8890 | D:6      | Noticed Grinder
  8915 | D:6      | Killed Grinder
  8916 | D:6      | Reached skill level 1 in Fighting
  9727 | D:7      | Noticed Jeremiah
  9770 | D:7      | Killed Jeremiah
  9952 | D:7      | Noticed Joseph
  9962 | D:7      | Killed Joseph
  9963 | D:7      | Reached skill level 1 in Summonings
  9965 | D:7      | Slain by an ice beast

Illustrated notes

Levels and vault maps discovered:
D:1:      minmay_arrival_split_and_join, layout_loops_corners
D:2:      layout_basic, serial_shops, nicolae_diamond_shop, basic_altar,
          minmay_tetromino_t2
D:3:      minmay_recursive_quarters, layout_loops_corners
D:4:      layout_gridville, temple_pool_b
D:5:      layout_basic, uniq_eustachio, uniq_crazy_yiuf_cottage
D:6:      layout_cave_pools, nicolae_inconvenience_store, grunt_ministairs_12,
          roderic_batcave, hangedman_abyss_or_decor_passed, uniq_grinder,
          uniq_duvessa
D:7:      layout_loops_corners, nicolae_elevator_lobby_asterisk, uniq_joseph,
          uniq_jeremiah

Skill      XL: |  1  2  3  4  5  6  7  8  9 |
---------------+----------------------------+-----
Ice Magic      | 4 5 6 7 8 |  8.4
Stealth        | 2 3 4 |  4.4
Spellcasting   | 3 4 5 7 8 |  8.3
Dodging        | 2 |  2.6
Polearms       | 1 2 3 |  3.1
Invocations    | 1 2 |  2.2
Fighting       | 1 |  1.2
Summonings     | 1 |  1.1
Throwing       | |  0.1

Action                     |  1- 3 |  4- 6 |  7- 9 || total
---------------------------+-------+-------+-------++-------
  Melee: Dagger            |    34 |     9 |       ||    43
         Spear             |       |    47 |    57 ||   104
         Trident           |       |       |     5 ||     5
  Throw: Stone             |     1 |     1 |       ||     2
         Dart              |       |     1 |       ||     1
   Cast: Freeze            |    51 |    33 |    58 ||   142
         Frozen Ramparts   |     8 |    12 |    23 ||    43
         Ozocubu's Armour  |       |     1 |     8 ||     9
         Summon Ice Beast  |       |       |     7 ||     7
 Invoke: Recall Undead Har |     1 |     2 |       ||     3
         Dark Bargain      |       |     1 |     4 ||     5
    Use: Scroll            |     5 |     6 |     1 ||    12
         Potion            |     5 |     2 |     2 ||     9
   Stab: Paralysed         |     2 |     1 |     8 ||    11
         Sleeping          |       |     6 |       ||     6
         Distracted        |       |       |     1 ||     1
 Armour: Robe              |    38 |    59 |    57 ||   154
  Dodge: Dodged            |    35 |    51 |    36 ||   122

Table legend: (Time is in decaauts)
 A = Elapsed time spent in this place.
 B = Non-inter-level travel time spent in this place.
 C = Inter-level travel time spent in this place.
 D = Time resting spent in this place.
 E = Time spent auto-exploring this place.
 F = Levels seen in this place.
 G = Mean time per level.
                   A        B        C        D        E       F      G
               +--------+--------+--------+--------+--------+-----+--------+
         Total |   9977 |   8975 |   1002 |   3003 |   4787 |   7 | 1425.3 |
       Dungeon |   9977 |   8975 |   1002 |   3003 |   4787 |   7 | 1425.3 |
               +--------+--------+--------+--------+--------+-----+--------+

Top non-repeatable levels by time:
     D:6: 2271 daAuts
     D:5: 2153 daAuts
     D:3: 1996 daAuts
     D:1: 1245 daAuts
     D:2: 1062 daAuts
     D:4: 1005 daAuts
     D:7: 243 daAuts
